 Dungeon Crawl Stone Soup version 0.24.0-123-gd5b16e6ec5 (webtiles) character file.

Game seed: 10815165424734158266, levelgen mode: deterministic

12149 Johnny the Geomancer (level 11, 0/74 HPs)
             Began as a Demigod Earth Elementalist on Feb 2, 2020.
             Slain by a spiny frog (25 damage)
             ... on level 1 of the Lair of Beasts.
             The game lasted 00:17:16 (12453 turns).

Johnny the Geomancer (Demigod Earth Elementalist)  Turns: 12453, Time: 00:17:17

Health: 0/74       AC:  9    Str: 11    XL:     11   Next: 33%
Magic:  25/38      EV: 11    Int: 25    God:
Gold:   766        SH: 10    Dex: 16    Spells: 16/29 levels left

rFire    + . .     SeeInvis .   E - staff of death
rCold    + . .     Gourm    .   C - +0 shield
rNeg     + . .     Faith    .   v - +0 robe {rC+ rF+}
rPois    .         Spirit   .   A - +2 helmet
rElec    .         Reflect  .   (no cloak)
rCorr    .         Harm     +   p - +0 pair of gloves
MR       +....                  q - +2 pair of boots
Stlth    ++........             f - amulet of harm
HPRegen  0.22/turn              a - ring of magical power
MPRegen  0.26/turn              r - ring of wizardry

@: lethally poisoned (0 -> -5)
A: high mp 1
a: no special abilities


You were on level 1 of the Lair of Beasts.
You were not hungry.

You visited 2 branches of the dungeon, and saw 12 of its levels.
You also visited: Sewer.

You collected 800 gold pieces.
You spent 34 gold pieces at shops.

Inventory:

Missiles
 F - 106 stones (quivered)
Armour
 p - a +0 pair of gloves (worn)
 q - a +2 pair of boots (worn)
 v - a +0 robe of resistance (worn)
 A - a +2 helmet (worn)
 C - a +0 shield (worn)
Magical Staves
 E - an uncursed staff of death (weapon)
Jewellery
 a - a ring of magical power (left hand)
 c - an uncursed ring of poison resistance
 f - an amulet of harm (around neck)
 r - a ring of wizardry (right hand)
 y - an uncursed amulet of magic regeneration {unknown}
 H - an uncursed ring of protection from fire
Wands
 D - a wand of random effects (22)
 I - a wand of digging (7)
 J - a wand of iceblast (10)
 L - a wand of polymorph (5)
Scrolls
 g - 3 scrolls of noise
 h - 5 scrolls of remove curse
 i - 7 scrolls of teleportation
 k - 2 scrolls of amnesia {unknown}
 l - 3 scrolls of random uselessness {unknown}
 m - 2 scrolls of magic mapping {unknown}
 o - a scroll of blinking {unknown}
 u - 2 scrolls of fog {unknown}
 G - a scroll of identify
 N - a scroll of fear
Potions
 b - a potion of ambrosia
 e - 2 potions of resistance {unknown}
 j - 2 potions of agility
 n - 2 potions of heal wounds
 s - 3 potions of lignification {unknown}
 t - 2 potions of invisibility
 w - a potion of brilliance {unknown}
 x - 2 potions of mutation {unknown}
 z - a potion of cancellation {unknown}
 B - 2 potions of curing {unknown}
 K - a potion of might
Comestibles
 d - 20 rations


   Skills:
 - Level 1.7 Dodging
 - Level 1.7 Stealth
 + Level 8.2 Shields
 + Level 9.9 Spellcasting
 - Level 0.8 Transmutations
 + Level 10.9 Earth Magic


You had 16 spell levels left.
You knew the following spells:

 Your Spells              Type           Power        Failure   Level  Hunger
a - Sandblast             Erth           ######       1%          1    None
b - Stone Arrow           Conj/Erth      #####.       1%          3    None
c - Lee's Rapid Deconstr  Erth           ######....   1%          5    ####...
d - Petrify               Tmut/Erth      #####...     4%          4    #......

Your spell library contained the following spells:

 Spells                   Type           Power        Failure   Level  Hunger
 Passwall                 Tmut/Erth      #####...     1%          2    None
 Confusing Touch          Hex            ##....       4%          1    None
 Flame Tongue             Conj/Fire      ##...        4%          1    None
 Magic Dart               Conj           ##..         4%          1    None
 Searing Ray              Conj           ##....       8%          2    None
 Throw Flame              Conj/Fire      ##....       8%          2    None
 Confuse                  Hex            ##......     14%         3    None
 Conjure Flame            Conj/Fire      ##......     14%         3    None
 Dazzling Spray           Conj/Hex       ##....       14%         3    None
 Gell's Gravitas          Tloc           ##........   14%         3    None
 Inner Flame              Hex/Fire       ##......     14%         3    None
 Force Lance              Conj/Tloc      ##......     41%         4    #......
 Fulminant Prism          Conj/Hex       ##........   41%         4    #......
 Iskenderun's Mystic Bla  Conj           ##......     41%         4    #......
 Sticky Flame             Conj/Fire      ##......     41%         4    #......
 Yara's Violent Unravell  Hex/Tmut       ##........   69%         5    ####...
 Fireball                 Conj/Fire      ##........   75%         5    ####...
 Metabolic Englaciation   Hex/Ice        ##........   75%         5    ####...


Dungeon Overview and Level Annotations

Branches:
Dungeon (11/15)            Temple (0/1) D:5            Lair (1/6) D:11
    Orc (0/2) D:9           Sewer (visited)

Shops:
D:11 *

Annotations:
Lair:1 Blodwynpig's ghost, journeyman MiCK


Innate Abilities, Weirdness & Mutations

You have an increased reservoir of magic. (+10% MP)


Message History

The spiny frog stings you!
You are poisoned.
The spiny frog poisons you!
You hear a bellow!
Casting: Lee's Rapid Deconstruction (safe; 1% risk of failure)
Confirm with . or Enter, or press ? or * to list all spells.
Aiming: Stone Arrow (safe; 1% risk of failure)
Press: ? - help, Shift-Dir - straight line, f - spiny frog
Aim: a spiny frog The stone arrow misses the spiny frog.
You feel sick. The spiny frog stings you!!
Casting: Stone Arrow (safe; 1% risk of failure)
Confirm with . or Enter, or press ? or * to list all spells.
Aiming: Stone Arrow (safe; 1% risk of failure)
Press: ? - help, Shift-Dir - straight line, f/p - spiny frog
Aim: a spiny frog The stone arrow hits the spiny frog!
The spiny frog is moderately wounded.
You feel sick. The spiny frog stings you!!
You die...

.........#+(.#...
.................. ..
.............#.#.#.#.#.#
.≈...................l..
.≈...≈≈......#.#†#.#.#.#
≈≈..≈≈.................
...≈≈........#.#.#.#.#.#
...........†...F........
≈≈.#..##.##..#.#@#.#.#.#
#≈≈≈...#####............
#####..≈# ###.#.#.#.#.#
#.≈≈# #>.......... #..≈#
##.#.#.#.#.# #####
#.######## ###


You could see a komodo dragon and a spiny frog.

Vanquished Creatures
  Harold (D:7)
  A hydra (D:11)
  Erica (D:8)
  A cyclops (D:10)
  A manticore (D:11)
  An ugly thing (D:11)
  Joseph (D:8)
  A rime drake (Lair:1)
  A komodo dragon (Lair:1)
  A queen bee (D:8)
  5 blink frogs (Lair:1)
  Sigmund (D:4)
  3 hungry ghosts
  A steam dragon (D:7)
  Edmund (D:4)
  Duvessa (D:7)
  6 orc warriors
  3 phantoms
  An ice beast (D:6)
  2 sky beasts
  A necrophage (D:7)
  6 centaurs
  5 ogres
  A crocodile (Lair:1)
  A big kobold (D:7)
  Blork the orc (D:5)
  4 bullfrogs
  A water moccasin zombie (D:8)
  Dowan (D:7)
  3 scorpions
  17 killer bees
  4 wights (D:8)
  5 howler monkeys
  A centaur zombie (D:7)
  5 crimson imps
  A quasit (D:10)
  3 bullfrog zombies
  5 hounds
  A jelly (D:11)
  9 orc priests
  2 iguanas
  8 orc wizards
  A centaur skeleton (D:7)
  Ijyb (D:5)
  4 worker ants
  A hound zombie (D:8)
  A hound skeleton (D:4)
  8 gnolls
  13 adders
  A howler monkey skeleton (D:8)
  3 shadow imps
  6 oozes
  An adder skeleton (D:8)
  5 worms
  A dart slug (D:2)
  5 leopard geckos
  49 orcs
  6 giant cockroaches
  5 goblins
  8 hobgoblins
  18 jackals
  7 kobolds
  2 quokkas
  7 ball pythons
  10 bats
  9 frilled lizards
  A quokka skeleton (D:6)
  A quokka zombie (D:7)
  8 rats
301 creatures vanquished.

Vanquished Creatures (others)
  An unseen horror (D:10)
1 creature vanquished.

Grand Total: 302 creatures vanquished

Notes
Turn   | Place    | Note
-------+----------+-------------------------------------------
     0 | D:1      | Johnny the Demigod Earth Elementalist began the quest for
                  | the Orb.
     0 | D:1      | Reached XP level 1. HP: 14/14 MP: 5/5
   398 | D:1      | Reached skill level 3 in Earth Magic
   465 | D:1      | Reached XP level 2. HP: 20/20 MP: 7/7
   980 | D:2      | Found a shimmering altar of Xom.
   980 | D:2      | Noticed an angel
   984 | D:2      | Found a glowing silver altar of Zin.
  1028 | D:2      | Reached XP level 3. HP: 20/26 MP: 9/9
  1117 | D:2      | Learned a level 3 spell: Stone Arrow
  1444 | D:2      | Reached XP level 4. HP: 23/33 MP: 3/11
  2243 | D:3      | Reached skill level 4 in Earth Magic
  2354 | D:4      | Found a basalt altar of Yredelemnul.
  2378 | D:4      | Found a glowing drain.
  2388 | Sewer    | Entered a sewer
  2786 | Sewer    | Reached XP level 5. HP: 38/38 MP: 13/13
  3186 | D:4      | Noticed Edmund
  3189 | D:4      | Learned a level 5 spell: Lee's Rapid Deconstruction
  3200 | D:4      | Killed Edmund
  3200 | D:4      | Reached skill level 5 in Earth Magic
  3200 | D:4      | Reached XP level 6. HP: 38/45 MP: 8/15
  3250 | D:4      | Learned a level 4 spell: Petrify
  3284 | D:4      | Noticed Sigmund
  3577 | D:4      | Killed Sigmund
  3846 | D:4      | Found a shattered altar of Ashenzari.
  3920 | D:5      | Entered Level 5 of the Dungeon
  3932 | D:5      | Noticed Blork the orc
  3934 | D:5      | Killed Blork the orc
  3951 | D:5      | Reached XP level 7. HP: 20/50 MP: 14/17
  4008 | D:5      | Reached skill level 5 in Spellcasting
  4156 | D:5      | Found a staircase to the Ecumenical Temple.
  4199 | D:5      | Reached skill level 6 in Earth Magic
  5036 | D:5      | Found a glowing golden altar of the Shining One.
  5315 | D:5      | Noticed Ijyb
  5316 | D:5      | Killed Ijyb
  5456 | D:6      | Reached skill level 7 in Earth Magic
  5456 | D:6      | Reached XP level 8. HP: 38/57 MP: 10/20
  5791 | D:6      | Reached skill level 1 in Shields
  6069 | D:7      | Noticed Duvessa
  6076 | D:7      | Killed Duvessa
  6077 | D:7      | Noticed Dowan
  6080 | D:7      | Killed Dowan
  6320 | D:7      | Reached skill level 8 in Earth Magic
  6426 | D:7      | Found a stormy altar of Qazlal.
  6432 | D:7      | Found a bloodstained altar of Trog.
  6436 | D:7      | Found a sparkling altar of Nemelex Xobeh.
  6442 | D:7      | Found a sacrificial altar of Ru.
  6446 | D:7      | Found a white marble altar of Elyvilon.
  6457 | D:7      | Found a hazy altar of Hepliaklqana.
  6471 | D:7      | Found an ornate altar of the Wu Jian Council.
  6607 | D:7      | Reached XP level 9. HP: 62/62 MP: 23/23
  6657 | D:7      | Noticed Harold
  6665 | D:7      | HP: 2/62 [Harold/+0 glaive (27)]
  7410 | D:7      | Killed Harold
  7754 | D:8      | Reached skill level 9 in Earth Magic
  7813 | D:8      | Reached skill level 5 in Shields
  8038 | D:8      | Noticed Erica
  8079 | D:8      | Found an opulent altar of Gozag.
  8102 | D:8      | Reached XP level 10. HP: 17/69 MP: 4/26
  8701 | D:8      | Killed Erica
  9026 | D:8      | Noticed Joseph
  9034 | D:8      | Killed Joseph
  9650 | D:9      | Reached skill level 10 in Earth Magic
  9757 | D:9      | Found a staircase to the Orcish Mines.
  9759 | D:9      | Found a shadowy altar of Dithmenos.
  9994 | D:10     | Entered Level 10 of the Dungeon
 10180 | D:10     | Noticed a cyclops
 10191 | D:10     | Killed a cyclops
 10711 | D:10     | Killed an unseen horror
 11298 | D:11     | Noticed a manticore
 11302 | D:11     | Killed a manticore
 11410 | D:11     | Reached XP level 11. HP: 69/74 MP: 28/28
 11716 | D:11     | Found a staircase to the Lair.
 11923 | D:11     | Found Waschog's Assorted Antiques.
 11927 | D:11     | Bought a scroll of identify for 34 gold pieces
 11987 | D:11     | Noticed a six-headed hydra
 11988 | D:11     | Killed a six-headed hydra
 12266 | Lair:1   | Entered Level 1 of the Lair of Beasts
 12346 | Lair:1   | Identified the cursed +0 spear of the Warrior-Mage {holy,
                  | rPois rN++ Dex-3}
 12346 | Lair:1   | Noticed a spriggan rider
 12350 | Lair:1   | Noticed Blodwynpig's ghost (journeyman MiCK)
 12353 | Lair:1   | Identified the +11 trident of Agony {holy, +Blink rN+++ MR-
                  | Str-2}
 12353 | Lair:1   | Noticed a spriggan rider
 12453 | Lair:1   | Slain by a spiny frog

Levels and vault maps discovered:
D:1:      onia_arrival_mini_maze, layout_loops_ring
D:2:      layout_basic, grunt_temple_overflow_order_and_chaos_1, first_ration
D:3:      layout_rooms
D:4:      layout_rooms, nicolae_overflow_hidden_temple,
          overflow_temple_1_default, portal_sewer_entry_b,
          sigmund_edmund_badplayer
D:5:      layout_loops_cross, minmay_temple_entry_poolview, tso_metal_star,
          uniq_blork_the_orc, uniq_ijyb
D:6:      layout_rooms
D:7:      minmay_cornered_nines, layout_loops_corners,
          grunt_temple_overflow_octagram, uniq_duvessa, uniq_harold
D:8:      layout_layer_cave, grunt_gozag_statues, david_nohive_1, uniq_joseph,
          uniq_erica
D:9:      layout_rooms, grunt_dithmenos_smoke
D:10:     layout_roguey
D:11:     cheibrodos_elevator_heist, layout_irregular_city, lair_entry_dummy,
          serial_shops, shop, minmay_misc_feat_four_crosses,
          corexii_mini_fake_secret_closet
Lair:1:   layout_big_grid, gammafunk_ghost_wrathful_warriors, minivault_27,
          st_stairs_10, chequers_serial_rivers_marsh,
          chequers_serial_rivers_small_b, grunt_megastairs_5

Skill      XL: |  1  2  3  4  5  6  7  8  9 10 11 |
---------------+----------------------------------+-----
Spellcasting   | 2 3 4 6 7 8 9 |  9.9
Earth Magic    | 3 4 5 7 8 9 10 | 10.9
Shields        | 3 5 7 8 |  8.2
Dodging        | |  1.7
Stealth        | |  1.7
Transmutations | |  0.8

Action                   |  1- 3 |  4- 6 |  7- 9 | 10-12 || total
-------------------------+-------+-------+-------+-------++-------
Melee: Unarmed           |    24 |    54 |    33 |       ||   111
       Staff             |       |       |    23 |    87 ||   110
Throw: Stone             |       |       |     1 |       ||     1
 Cast: Sandblast         |    37 |    54 |    75 |    44 ||   210
       Stone Arrow       |     8 |    16 |    66 |    86 ||   176
       Lee's Rapid Decon |       |     5 |    43 |    33 ||    81
       Petrify           |       |     2 |     9 |     5 ||    16
Evoke: Wand              |       |       |    22 |    12 ||    34
  Use: Scroll            |       |     5 |     7 |     8 ||    20
       Potion            |       |     1 |     3 |       ||     4
 Stab: Sleeping          |     2 |     1 |       |       ||     3
  Eat: Chunk             |     2 |     9 |    19 |    13 ||    43
       Ration            |       |     1 |     2 |     2 ||     5
Armor: Robe              |     5 |    41 |    53 |    67 ||   166
Dodge: Dodged            |    31 |    73 |   103 |    81 ||   288
Block: Shield            |       |       |       |    47 ||    47
